 Dungeon Crawl Stone Soup version 0.30-a0-459-g9104f0fc43 (webtiles) character file.

Game seed: 13572757280404902752

1746 funkygono the Firebug (level 8, -1/56 HPs)
             Began as a Demonspawn Fire Elementalist on Dec 15, 2022.
             Slain by a lemure (9 damage)
             ... led by Pikel
             ... on level 7 of the Dungeon.
             The game lasted 00:10:26 (6738 turns).

funkygono the Firebug (DsFE)                        Turns: 6738, Time: 00:10:28

Health: -1/56      AC:  1    Str:  8    XL:     8   Next: 77%
Magic:  15/17      EV: 12    Int: 22    God:
Gold:   933        SH:  0    Dex: 13    Spells: 10/20 levels left

rFire   + . .      SeeInvis .    D - +0 falchion (drain)
rCold   x . .      Faith    .    (no shield)
rNeg    . . .      Spirit   .    (no body armour)
rPois   .          Reflect  .    l - +1 hat
rElec   .          Harm     .    (no cloak)
rCorr   .          Rampage  .    (no gloves)
Will    +....                    (no boots)
Stlth   ++........               (no amulet)
HPRegen 0.29/turn                g - ring of fire
MPRegen 0.15/turn                m - ring of willpower

@: no status effects
A: powered by pain 2, big brain 1
a: no special abilities


You were on level 7 of the Dungeon.
You visited 2 branches of the dungeon, and saw 8 of its levels.

You collected 933 gold pieces.

Inventory:

Hand Weapons
 t - a +0 dagger of flaming
 B - a +0 falchion of electrocution
 D - a +0 falchion of draining (weapon)
Missiles
 F - a throwing net
Armour
 a - a +0 robe
 f - +0 steam dragon scales
 l - a +1 hat (worn)
 q - a scarf of shadows
 v - a +2 ring mail of positive energy
 z - a scarf of invisibility
Jewellery
 g - a ring of fire (left hand)
 m - a ring of willpower (right hand)
 s - a ring of positive energy
 u - a ring of resist corrosion
 x - a +6 ring of strength
 C - a ring of protection from cold
Wands
 H - a wand of flame (8)
Scrolls
 c - 2 scrolls of brand weapon
 h - 2 scrolls of poison
 j - 4 scrolls of immolation
 n - 2 scrolls of enchant armour
 p - a scroll of blinking
 A - 2 scrolls of teleportation
Potions
 b - 2 potions of magic
 d - 5 potions of curing
 e - 5 potions of heal wounds
 i - 2 potions of attraction
 o - a potion of berserk rage
 r - 2 potions of might
 w - 3 potions of brilliance
 E - 4 potions of haste
 G - a potion of lignification {unknown}


   Skills:
 + Level 2.1 Fighting
 + Level 0.6 Long Blades
 + Level 1.4 Armour
 + Level 2.3 Dodging
 - Level 1.7 Stealth
 + Level 6.5 Spellcasting
 + Level 4.6 Conjurations
 + Level 6.6 Fire Magic


You had 10 spell levels left.
You knew the following spells:

 Your Spells              Type           Power      Damage    Failure   Level
a - Foxfire               Conj/Fire      100%       2x1d9     1%          1
b - Scorch                Fire           100%       2d10      1%          2
c - Kindle Blastsparks    Fire/Tloc/Air  50%        2d14      11%         3
d - Flame Wave            Conj/Fire      48%        2d12      9%          4

Your spell library contained the following spells:

 Spells                   Type           Power      Damage    Failure   Level
 Inner Flame              Hex/Fire       32%        N/A       7%          3
 Necrotise                Necr           28%        1d5       9%          1
 Slow                     Hex            28%        N/A       9%          1
 Call Canine Familiar     Summ           7%         N/A       26%         3
 Confusing Touch          Hex            7%         N/A       26%         3
 Ozocubu's Armour         Ice            7%         N/A       26%         3
 Portal Projectile        Hex/Tloc       14%        N/A       26%         3
 Vampiric Draining        Necr           7%         2d6       26%         3
 Leda's Liquefaction      Hex/Erth       3%         N/A       65%         4
 Agony                    Necr           7%         N/A       94%         5
 Alistair's Intoxication  Tmut/Pois      4%         N/A       94%         5
 Borgnjor's Vile Clutch   Necr/Erth      3%         N/A       94%         5
 Metabolic Englaciation   Hex/Ice        3%         N/A       94%         5
 Summon Forest            Summ/Tloc      3%         N/A       94%         5
 Eringya's Noxious Bog    Tmut/Pois      3%         N/A       100%        6
 Simulacrum               Ice/Necr       3%         N/A       100%        6
 Summon Hydra             Summ           3%         N/A       100%        7


Dungeon Overview and Level Annotations

Branches:
Dungeon (7/15)             Temple (1/1) D:4

Altars:
Ashenzari
Cheibriados
Dithmenos
Fedhas
Hepliaklqana
Kikubaaqudgha
Makhleb
Nemelex Xobeh
Okawaru
Qazlal
Ru
Sif Muna
Trog
Wu Jian
Xom
Yredelemnul

Annotations:
D:4 2 transporters
D:6 1 runed translucent door, Domino's ghost, novice MiBe
D:7 Pikel


Innate Abilities, Weirdness & Mutations

You sometimes gain power by taking damage.
You have an unusually large brain. (Int +2)


Message History

The lemure is heavily wounded. (Press . to intensify the flame waves.)
The hound barely misses you.
Pikel hits you with a +1 whip of freezing!
You focus on the pain.
You feel your power returning. Pikel freezes you.
The lemure completely misses you.
A wave of flame ripples out!
The flame wave engulfs Pikel.
Pikel is heavily wounded.
The flame wave engulfs the hound!
The hound is severely wounded.
The flame wave engulfs the lemure!
The lemure is heavily wounded.
The flame wave engulfs the lemure.
The lemure is severely wounded.
You hear a shout!
The hound barely misses you. Pikel barely misses you.
The lemure barely misses you. The hound misses you.
The lemure completely misses you.
A wave of flame ripples out!
The flame wave engulfs Pikel.
Pikel is severely wounded.
The flame wave engulfs the hound.
You kill the hound!
The flame wave engulfs the lemure.
The lemure is severely wounded.
The flame wave engulfs the lemure.
The lemure is severely wounded.
You finish channelling waves of flame.
You hear a shout!
You hear a howl!
Pikel hits you with a +1 whip of freezing.
Pikel freezes you. The lemure hits you.
* * * LOW HITPOINT WARNING * * *
The lemure hits you!
* * * LOW HITPOINT WARNING * * *
You feel much better.
Pikel hits you with a +1 whip of freezing.
* * * LOW HITPOINT WARNING * * *
Pikel freezes you.
* * * LOW HITPOINT WARNING * * *
The lemure hits you!
You die...

.# ######## #.#
#......# #.#
#......### #.#
#......... .#.#
#......... #.#.#
#.........
#.#'##.........
#..K5.......##
+..5@.......# .
#...........##
#.#.#'##.........
'#'#+###.######.#
.......#.# .#
..........#
..........# ..
.......#.# ##.#.
########'######
....#.


You could see Pikel and 2 lemures.

Vanquished Creatures
  Prince Ribbit (D:5)
  Sigmund (D:2)
  2 steam dragons
  An ice beast (D:6)
  2 ogres (D:4)
  2 lemures (D:7)
  A phantom (D:6)
  2 bullfrogs
  A scorpion (D:5)
  2 howler monkeys
  3 hounds
  A jelly (D:5)
  3 iguanas (D:6)
  2 orc wizards
  Natasha (thrice) (D:2)
  3 gnolls (D:2)
  10 adders
  An ufetubus (D:6)
  A dart slug (D:3)
  13 orcs
  3 ball pythons
  7 endoplasms
  4 giant cockroaches
  8 goblins
  10 hobgoblins
  A quokka (D:2)
  6 bats
  5 frilled lizards
  6 kobolds
  8 rats
113 creatures vanquished.

Vanquished Creatures (collateral kills)
  2 foxfires (D:2)
2 creatures vanquished.

Vanquished Creatures (others)
  A human (D:3)
  278 foxfires
  12 plants (D:2)
291 creatures vanquished.

Grand Total: 406 creatures vanquished

Notes
Turn   | Place    | Note
-------+----------+-------------------------------------------
     0 | D:1      | funkygono the Demonspawn Fire Elementalist began the quest
                  | for the Orb.
     0 | D:1      | Reached XP level 1. HP: 13/13 MP: 3/3
   396 | D:1      | Gained mutation: You have an unusually large brain. (Int
                  | +2) [demonic ancestry]
   396 | D:1      | Reached XP level 2. HP: 19/19 MP: 3/5
   612 | D:1      | You fall into a shaft and drop 1 floor!
   708 | D:1      | Learned a level 2 spell: Scorch
  1029 | D:2      | Reached XP level 3. HP: 24/24 MP: 0/6
  1033 | D:2      | Learned a level 3 spell: Kindle Blastsparks
  1120 | D:2      | Noticed Sigmund
  1131 | D:2      | Killed Sigmund
  1132 | D:2      | Reached XP level 4. HP: 23/30 MP: 0/8
  1132 | D:2      | Gained mutation: You sometimes gain a little power by
                  | taking damage. [demonic ancestry]
  1132 | D:2      | Reached XP level 5. HP: 27/35 MP: 0/9
  1291 | D:2      | Found a faded altar of an unknown god.
  1763 | D:2      | Noticed Natasha
  1769 | D:2      | Killed Natasha
  1770 | D:2      | Reached XP level 6. HP: 36/41 MP: 6/11
  2633 | D:2      | Learned a level 4 spell: Flame Wave
  2633 | D:2      | Noticed Natasha
  2640 | D:2      | Killed Natasha
  2663 | D:2      | Noticed Natasha
  2666 | D:2      | Killed Natasha
  3001 | D:3      | Found an ancient bone altar of Kikubaaqudgha.
  3002 | D:3      | Noticed a human
  3006 | D:3      | Killed a human
  3177 | D:3      | Found a sparkling altar of Nemelex Xobeh.
  3640 | D:4      | Found a transporter.
  3701 | D:4      | Found a staircase to the Ecumenical Temple.
  3710 | Temple   | Entered the Ecumenical Temple
  3864 | D:4      | Found an iron altar of Okawaru.
  4009 | D:4      | Reached skill level 5 in Fire Magic
  4009 | D:4      | Gained mutation: You sometimes gain power by taking damage.
                  | [demonic ancestry]
  4009 | D:4      | Reached XP level 7. HP: 47/47 MP: 8/13
  4149 | D:4      | Found a transporter.
  4354 | D:5      | Entered Level 5 of the Dungeon
  4648 | D:5      | Noticed Prince Ribbit
  4654 | D:5      | Killed Prince Ribbit
  4655 | D:5      | Reached skill level 5 in Spellcasting
  5035 | D:5      | Reached skill level 1 in Fighting
  5035 | D:5      | Reached XP level 8. HP: 21/54 MP: 4/15
  5290 | D:5      | Identified a scroll of acquirement
  5290 | D:5      | Acquired 613 gold pieces
  5540 | D:6      | Found a runed translucent door.
  5672 | D:6      | Found an ornate altar of the Wu Jian Council.
  5775 | D:6      | Noticed Domino's ghost (novice MiBe)
  5775 | D:6      | Noticed a troll
  6138 | D:6      | Reached skill level 1 in Armour
  6722 | D:7      | Noticed Pikel
  6737 | D:7      | HP: 2/56 [lemure[Pikel] (10)]
  6738 | D:7      | Slain by a lemure

Illustrated notes

Levels and vault maps discovered:
D:1:      dpeg_arrival_connections, layout_rooms, serial_rivers,
          chequers_serial_rivers_small_b, chequers_serial_rivers_small_3,
          chequers_serial_rivers_small_b, chequers_serial_rivers_small_b,
          chequers_serial_rivers_micro_d, st_stairs_12
D:2:      minmay_chambers_of_twos, layout_basic, serial_bayou,
          serial_bayou_ford_a, serial_bayou_pond_c, serial_bayou_shore_b,
          serial_bayou_shore_b, hellmonk_ecumenical_altar_blasted, uniq_sigmund,
          uniq_natasha
D:3:      layout_rooms, mainiacjoe_overflow_alcove_2, tgw_kikubaaqudgha,
          serial_corexii_hall, corexii_hall_statues_x,
          corexii_hall_statues_deadend
D:4:      gammafunk_cloud_chamber, layout_loops_ring,
          nicolae_tso_swordbearing_angel, okawaru_ov_weapons_minmay,
          minmay_temple_entry_hall
D:5:      layout_loops_ring, mainiacjoe_overflow_six_doors_small,
          uniq_prince_ribbit1
D:6:      layout_loops_cross, lemuel_doored_altar, ebering_ghost_inner_flame,
          minivault_1
D:7:      layout_basic, vehumet_statue, serial_bayou_pond_d, uniq_joseph,
          uniq_pikel
Temple:   hellmonk_temple_two_chambers

Skill      XL: |  1  2  3  4  5  6  7  8 |
---------------+-------------------------+-----
Fire Magic     | 3 4 5 6 |  6.6
Dodging        | 2 |  2.3
Spellcasting   | 3 4 5 6 |  6.5
Conjurations   | 2 3 4 |  4.6
Fighting       | 1 2 |  2.1
Armour         | 1 |  1.4
Long Blades    | |  0.6
Stealth        | |  1.7

Action                   |  1- 3 |  4- 6 |  7- 9 || total
-------------------------+-------+-------+-------++-------
Melee: Dagger            |       |     1 |       ||     1
       Falchion          |       |       |    22 ||    22
 Cast: Foxfire           |    38 |    71 |    58 ||   167
       Scorch            |     2 |    25 |    27 ||    54
       Flame Wave        |       |       |     3 ||     3
  Use: Scroll            |       |       |    14 ||    14
       Potion            |       |       |     2 ||     2
Armor: Ring mail         |       |       |     7 ||     7
Dodge: Dodged            |     3 |     4 |    33 ||    40

Table legend: (Time is in decaauts)
 A = Elapsed time spent in this place.
 B = Non-inter-level travel time spent in this place.
 C = Inter-level travel time spent in this place.
 D = Time resting spent in this place.
 E = Time spent auto-exploring this place.
 F = Levels seen in this place.
 G = Mean time per level.
                   A        B        C        D        E       F      G
               +--------+--------+--------+--------+--------+-----+--------+
         Total |   6765 |   6496 |    269 |    177 |   5398 |   8 |  845.6 |
       Dungeon |   6733 |   6470 |    263 |    177 |   5374 |   7 |  961.9 |
        Temple |     31 |     26 |      5 |      0 |     24 |   1 |   31.0 |
               +--------+--------+--------+--------+--------+-----+--------+

Top non-repeatable levels by time:
     D:2: 1864 daAuts
     D:5: 1100 daAuts
     D:6: 1032 daAuts
     D:1: 874 daAuts
     D:4: 802 daAuts
     D:3: 801 daAuts
     D:7: 258 daAuts
  Temple: 31 daAuts
